 Dungeon Crawl Stone Soup version 0.28.0 (webtiles) character file.

Game seed: 7675002658172857901

360 Host24 the Quickloader (level 6, -4/37 HPs)
             Began as a Kobold Hunter on Feb 20, 2022.
             Killed by divine providence
             ... invoked by an orc priest
              (12 damage)
             ... on level 4 of the Dungeon.
             The game lasted 00:09:21 (4527 turns).

Host24 the Quickloader (Kobold Hunter)              Turns: 4527, Time: 00:09:22

Health: -4/37      AC:  3    Str: 11    XL:     6   Next: 98%
Magic:  6/6        EV: 15    Int: 18    God:
Gold:   164        SH:  0    Dex: 16    Spells: 2/5 levels left

rFire   . . .      SeeInvis .   j - +1 dagger (venom)
rCold   . . .      Faith    .   (no shield)
rNeg    . . .      Spirit   .   c - +0 leather armour
rPois   .          Reflect  .   (no helmet)
rElec   .          Harm     .   (no cloak)
rCorr   .          Rampage  .   (no gloves)
Will    .....                   (no boots)
Stlth   +++.......              (no amulet)
HPRegen 0.12/turn               s - +6 ring of intelligence
MPRegen 0.10/turn               (no ring)

@: no status effects
A: small, no large weapons, nightstalker 3
a: no special abilities


You were on level 4 of the Dungeon.
You visited 1 branch of the dungeon, and saw 4 of its levels.

You collected 164 gold pieces.

Inventory:

Hand Weapons
 a - a +1 hand crossbow
 j - a +1 dagger of venom (weapon)
 m - a +1 dagger of freezing
Missiles
 d - 18 bolts
 f - 69 arrows
 i - 66 stones (quivered)
 l - 10 sling bullets
 t - 3 curare-tipped darts
Armour
 b - a +0 helmet
 c - a +0 leather armour (worn)
Jewellery
 s - a +6 ring of intelligence (left hand)
Wands
 o - a wand of iceblast (9)
Scrolls
 e - 4 scrolls of identify {unknown}
 g - 3 scrolls of fog {unknown}
 k - a scroll of teleportation {unknown}
 n - a scroll of silence {unknown}
 p - a scroll of magic mapping {unknown}
 r - a scroll of enchant weapon {unknown}
Potions
 h - a potion of curing {unknown}
 q - a potion of attraction {unknown}


   Skills:
 - Level 3.0 Fighting
 + Level 8.8 Crossbows
 - Level 3.0 Dodging
 - Level 1.3 Stealth


You had 2 spell levels left.
You knew the following spells:

 Your Spells              Type           Power      Damage    Failure   Level
a - Portal Projectile     Hex/Tloc       0%         N/A       65%         3

Your spell library contained the following spells:

 Spells                   Type           Power      Damage    Failure   Level
 Static Discharge         Conj/Air       0%         N/A       41%         2
 Call Canine Familiar     Summ           0%         N/A       65%         3
 Dispel Undead            Necr           0%         3d6       96%         4
 Leda's Liquefaction      Hex/Erth       0%         N/A       96%         4
 Sticky Flame             Conj/Fire      0%         2d3       96%         4


Dungeon Overview and Level Annotations

Branches:
Dungeon (4/15)
 Temple: D:4-7

Altars:
Dithmenos

Portals:
Abyss: D:1***

Annotations:
D:4 1 transporter


Innate Abilities, Weirdness & Mutations

You are small and have problems with some larger weapons.
You are completely attuned to the shadows.


Message History

There is an open door here.
You open the door.
There is an open door here.
Done exploring.
There is a stone staircase leading down here.
You climb downwards.
There is a stone staircase leading up here.
You now have 151 gold pieces (gained 19).
g - 3 scrolls labelled XOCWEWNYOMO (gained 1)
You now have 164 gold pieces (gained 13).
Found a stone staircase leading up.
An orc comes into view. It is wielding a +0 dagger.
An orc warrior comes into view. It is wielding a +0 battleaxe.
Found a transporter.
The orc shouts!
The orc warrior shouts!
You hear a shout! x3
An orc comes into view. It is wielding a +0 mace.
An orc priest comes into view. It is wielding a +0 dagger.
You hit the orc.
The orc is poisoned.
The orc is almost dead.
The orc closely misses you.
An orc comes into view. It is wielding a +0 club.
You kill the orc!
The orc priest looks encouraged for a moment.
A hobgoblin comes into view.
You closely miss the orc warrior. The orc warrior barely misses you.
You hit the orc warrior.
The orc warrior is lightly wounded.
The orc warrior hits you with a +0 battleaxe!
You hit the orc warrior but do no damage.
The orc warrior is lightly wounded.
The orc priest calls down the wrath of Beogh upon you.
Beogh smites you!
* * * LOW HITPOINT WARNING * * *
The orc warrior closely misses you.
There is a stone staircase leading up here.
The orc shouts!
The orc closely misses you.
The orc priest calls down the wrath of Beogh upon you.
Beogh smites you!
You die...

#. ..# #.#####.#
#########.##.##.#
#...o..#......#.####
#.o###.#............
#..###o#......#.####
###..#o...........#
#..<.@...#.####.###
#.#......#......#
#.##.....#############
#.......##.......##...
#####..#.#..##.......##.##
......^......#.......##.#
.........#...........##.##
.........#...#.......##...
######...............#####


You could see an orc warrior, an orc priest and an orc.

Vanquished Creatures
  Sigmund (D:2)
  An orc priest (D:3)
  An orc wizard (D:3)
  Robin (D:2)
  3 adders
  5 worms
  4 orcs
  5 ball pythons
  7 endoplasms
  7 giant cockroaches
  11 hobgoblins
  8 jackals
  6 kobolds
  A quokka (D:1)
  8 bats
  A frilled lizard (D:1)
  11 goblins
  5 rats
86 creatures vanquished.

Notes
Turn   | Place    | Note
-------+----------+-------------------------------------------
     0 | D:1      | Host24 the Kobold Hunter began the quest for the Orb.
     0 | D:1      | Reached XP level 1. HP: 12/12 MP: 1/1
    53 | D:1      | Reached skill level 5 in Crossbows
   203 | D:1      | Reached XP level 2. HP: 5/18 MP: 2/2
   450 | D:1      | Found a one-way gate to the infinite horrors of the Abyss.
   511 | D:1      | Found a faded altar of an unknown god.
  1017 | D:1      | Reached XP level 3. HP: 20/23 MP: 3/3
  1848 | D:2      | Reached XP level 4. HP: 27/28 MP: 4/4
  1902 | D:2      | Reached skill level 6 in Crossbows
  2182 | D:2      | Noticed Robin
  2210 | D:2      | Killed Robin
  2248 | D:2      | Noticed Sigmund
  2326 | D:2      | Reached XP level 5. HP: 13/32 MP: 5/5
  2683 | D:2      | Killed Sigmund
  2684 | D:2      | Reached skill level 8 in Crossbows
  2684 | D:2      | Reached XP level 6. HP: 25/37 MP: 6/6
  3104 | D:2      | You fall into a shaft and drop 2 floors!
  3107 | D:4      | Found a shadowy altar of Dithmenos.
  3413 | D:3      | Learned a level 3 spell: Portal Projectile
  4486 | D:4      | Noticed an orc warrior
  4487 | D:4      | Found a transporter.
  4527 | D:4      | Killed from afar by an orc priest

Illustrated notes

Levels and vault maps discovered:
D:1:      minmay_arrival_glassed_features, layout_rooms,
          chequers_ecumenical_altar_lobes
D:2:      layout_rooms, uniq_robin, uniq_sigmund
D:3:      layout_loops_corners, dk_noncrumbling_2
D:4:      layout_loops_cross, nicolae_dithmenos_shadow_blocks,
          gammafunk_ghost_arena

Skill      XL: |  1  2  3  4  5 |
---------------+----------------+-----
Crossbows      | 5 6 8 |  8.8
Fighting       | 3 |  3.0
Dodging        | 3 |  3.0
Stealth        | |  1.3

Action                   |  1- 3 |  4- 6 || total
-------------------------+-------+-------++-------
Melee: Short sword       |   139 |       ||   139
       Punch             |     3 |     2 ||     5
       Dagger            |    13 |   128 ||   141
 Fire: Hand crossbow     |     8 |    24 ||    32
 Stab: Sleeping          |     5 |     7 ||    12
Armor: Leather armour    |    35 |    26 ||    61
Dodge: Dodged            |   139 |    94 ||   233
